 Dungeon Crawl Stone Soup version 0.23.1-37-gaa34b87b72 (webtiles) character file.

Game seed: 17053740917687299939

213 Gargoyl the Skirmisher (level 5, -4/46 HPs)
             Began as a Centaur Abyssal Knight on Mar 27, 2019.
             Was a Believer of Lugonu.
             Slain by an iguana (10 damage)
             ... on level 4 of the Dungeon.
             The game lasted 00:06:16 (4404 turns).

Gargoyl the Skirmisher (Centaur Abyssal Knight)     Turns: 4404, Time: 00:06:17

Health: -4/46      AC:  6    Str: 13 (14) XL:     5   Next: 59%
Magic:  0/7        EV: 10    Int: 10 (11) God:    Lugonu [**....]
Gold:   85         SH:  0    Dex: 12      Spells: 4/4 levels left

rFire    . . .     SeeInvis .   b - staff of summoning
rCold    . . .     Gourm    .   (no shield)
rNeg     . . .     Faith    .   f - +2 robe {Archmagi}
rPois    .         Spirit   +   (helmet restricted)
rElec    .         Reflect  .   (no cloak)
rCorr    .         Harm     .   (no gloves)
MR       .....                  (no barding)
Stlth    +.........             i - amulet of guardian spirit
HPRegen  0.15/turn              (no ring)
MPRegen  0.10/turn              (no ring)

@: very quick
A: large, antennae 1, hooves 3, agile 1, deformed body, deterioration 1, speed
2, tough skin 3
a: Depart the Abyss, Bend Space, Renounce Religion


You were on level 4 of the Dungeon.
You worshipped Lugonu.
Lugonu was pleased with you.
You were not hungry.

You visited 1 branch of the dungeon, and saw 4 of its levels.
You visited the Abyss 1 time.

You collected 85 gold pieces.

Inventory:

Hand Weapons
 a - a +3 hand axe
Armour
 f - a +2 robe of the Archmagi (worn)
 h - a +0 helmet of intelligence
Magical Staves
 b - an uncursed staff of summoning (weapon)
Jewellery
 i - an amulet of guardian spirit (around neck)
Scrolls
 g - a scroll of identify
 m - a scroll of teleportation
 o - a scroll of enchant weapon
Potions
 d - a potion of berserk rage
 e - a potion of curing
 l - a potion of might
 n - a potion of cancellation {unknown}
Comestibles
 c - 4 rations


   Skills:
 + Level 3.9 Fighting
 + Level 2.8 Axes
 + Level 0.5 Staves
 * Level 2.3 Armour
 * Level 1.8 Dodging
 * Level 3.1 Invocations


You had 4 spell levels left.
You didn't know any spells.
Your spell library was empty.

Dungeon Overview and Level Annotations

Branches:
Dungeon (4/15)
 Temple: D:4-7

Altars:
Ashenzari


Innate Abilities, Weirdness & Mutations

You have hooves in place of feet.
Armour fits poorly on your strangely shaped body.
You cover ground very quickly.
You have extremely tough skin. (AC +3)
You have a pair of small antennae on your head.
You are agile. (Dex +2)
Your body sometimes deteriorates upon taking damage.


Message History

* * * LOW HITPOINT WARNING * * *
You hit the iguana.
The iguana is moderately wounded.
The iguana barely misses you.
You hit the iguana. You kick the iguana, but do no damage.
The iguana is moderately wounded.
The iguana barely misses you.
You closely miss the iguana.
The iguana is moderately wounded.
The iguana bites you!
* * * LOW HITPOINT WARNING * * *
Your body deteriorates!
You feel dopey.
You hit the iguana.
The iguana is moderately wounded.
The iguana barely misses you.
You hit the iguana but do no damage.
The iguana is moderately wounded.
The iguana bites you but does no damage.
The iguana bites you!
You die...

.##......###.#####.# .........#
#.# #.# .........# #.# #.#
#...#.###.# #.# ....
#.###.##...##.# #.#
....##........#....# #.#
.......###.##...#### #.#
....##.###.###.#########.#####
#..........# #..@l...........#
......##.#l#################.##
......##........... #..#
......##...#######. ##.##
#...#......### #### ####..# #..
#####....# ##..###..##.# ##
#..#.# ##.#..#..#)#.# #..#.#
#_#..#..#....# #..#.#
##..#..#..####


You could see an iguana.

Vanquished Creatures
  A hound (D:3)
  Jessica (D:2)
  5 gnolls
  4 adders (D:2)
  An ooze (D:3)
  3 worms
  4 dart slugs
  2 leopard geckos (D:1)
  4 ball pythons
  4 bats (D:2)
  3 giant cockroaches
  6 goblins
  8 hobgoblins
  4 kobolds
  A quokka (D:2)
  5 frilled lizards
  A rat (D:2)
57 creatures vanquished.

Notes
Turn   | Place    | Note
-------+----------+-------------------------------------------
     0 | Abyss:1  | Gargoyl the Centaur Abyssal Knight began the quest for the
                  | Orb.
     0 | Abyss:1  | Reached XP level 1. HP: 19/19 MP: 2/2
    69 | Abyss:1  | Noticed a starcursed mass
    94 | Abyss:1  | Noticed a quasit
   106 | D:1      | Escaped the Abyss
   452 | D:1      | Reached XP level 2. HP: 26/26 MP: 3/3
   612 | D:1      | Reached * piety under Lugonu
   753 | D:1      | Reached skill level 1 in Dodging
  1308 | D:2      | Reached XP level 3. HP: 31/31 MP: 4/4
  1521 | D:2      | Noticed Jessica
  1540 | D:2      | Killed Jessica
  1540 | D:2      | Reached XP level 4. HP: 25/39 MP: 5/5
  2999 | D:3      | Reached ** piety under Lugonu
  2999 | D:3      | Reached XP level 5. HP: 38/46 MP: 7/7
  4053 | D:4      | Found a shattered altar of Ashenzari.
  4389 | D:4      | Gained mutation: You are resistant to hostile enchantments.
                  | (MR+) [potion of mutation]
  4389 | D:4      | Gained mutation: You have a pair of small antennae on your
                  | head. [potion of mutation]
  4390 | D:4      | Lost mutation: You are resistant to hostile enchantments.
                  | (MR+) [potion of mutation]
  4390 | D:4      | Lost mutation: You have a pair of small antennae on your
                  | head. [potion of mutation]
  4390 | D:4      | Gained mutation: You are agile. (Dex +2) [potion of
                  | mutation]
  4390 | D:4      | Gained mutation: Your body sometimes deteriorates upon
                  | taking damage. [potion of mutation]
  4390 | D:4      | Gained mutation: You have a pair of small antennae on your
                  | head. [potion of mutation]
  4404 | D:4      | Slain by an iguana

Skill      XL: |  1  2  3  4 |
---------------+-------------+-----
Dodging        | 1 |  1.8
Axes           | 2 |  2.8
Armour         | 2 |  2.3
Invocations    | 3 |  3.1
Fighting       | |  3.9
Staves         | |  0.5

Action                   |  1- 3 |  4- 6 || total
-------------------------+-------+-------++-------
Melee: Hand axe          |    72 |    44 ||   116
       Kick              |    12 |    33 ||    45
       Staff             |       |   129 ||   129
Invok: Depart the Abyss  |     1 |       ||     1
  Use: Scroll            |     4 |     6 ||    10
       Potion            |     2 |     2 ||     4
  Eat: Chunk             |     1 |     8 ||     9
Armor: Leather armour    |    35 |       ||    35
       Skin              |     5 |       ||     5
       Robe              |       |    42 ||    42
Dodge: Dodged            |    39 |    88 ||   127
